 Dungeon Crawl Stone Soup version 0.21-a0-442-g848f44b (webtiles) character file.

6895 Lazav66 the Basher (level 10, 0/92 HPs)
             Began as a Minotaur Fighter on Nov 15, 2017.
             Was a High Priest of Okawaru.
             Slain by an orc warrior
             ... wielding a +0 battleaxe
              (22 damage)
             ... on level 10 of the Dungeon.
             The game lasted 00:17:35 (7949 turns).

Lazav66 the Basher (Minotaur Fighter)               Turns: 7949, Time: 00:17:36

Health: 0/92       AC: 18    Str: 21    XL:     10   Next: 79%
Magic:  9/9        EV:  8    Int:  5    God:    Okawaru [*****.]
Gold:   294        SH: 14    Dex: 13    Spells: 9/9 levels left

rFire    + . .     SeeInvis +   t - +0 flail (protect)
rCold    . . .     Gourm    .   O - +2 shield {reflect}
rNeg     . . .     Faith    .   m - +1 scale mail {MR+}
rPois    .         Spirit   .   (helmet restricted)
rElec    .         Reflect  +   a - scarf {repulsion}
rCorr    .         Harm     .   w - +0 pair of gloves
MR       +....                  (no boots)
Stlth    ..........             (no amulet)
HPRegen  0.25/turn              K - ring of protection from fire
MPRegen  0.11/turn              L - ring of see invisible

@: protection aura, repel missiles
A: retaliatory headbutt, horns 2
a: Heroism, Finesse, Renounce Religion


You were on level 10 of the Dungeon.
You worshipped Okawaru.
Okawaru was extremely pleased with you.
You were not hungry.

You visited 1 branch of the dungeon, and saw 10 of its levels.
You also visited: Ossuary.

You collected 456 gold pieces.
You spent 162 gold pieces at shops.

Inventory:

Hand Weapons
 t - a +0 flail of protection (weapon)
Armour
 a - a scarf of repulsion (worn)
 m - a +1 scale mail of magic resistance (worn)
 w - a +0 pair of gloves (worn)
 O - a +2 shield of reflection (worn)
Jewellery
 K - a ring of protection from fire (left hand)
 L - a ring of see invisible (right hand)
Wands
 h - a wand of lightning (1/15)
 M - a wand of lightning (3/15)
 N - a wand of acid (6/15)
Scrolls
 b - a scroll of identify
 c - a scroll of enchant armour {unknown}
 p - 2 scrolls of enchant weapon
 q - 3 scrolls of fog {unknown}
 s - 2 scrolls of amnesia {unknown}
 u - 2 scrolls of magic mapping {unknown}
 v - 4 scrolls of remove curse
 x - 3 scrolls of random uselessness {unknown}
 A - 3 scrolls of recharging {unknown}
 B - 4 scrolls of teleportation
 C - 2 scrolls of blinking {unknown}
 G - a scroll of noise {unknown}
 H - a scroll of silence
 J - a scroll of fear
Potions
 d - a potion of might
 g - a potion of flight
 j - 3 potions of heal wounds
 k - 5 potions of haste
 l - 3 potions of resistance
 n - 2 potions of mutation
 o - 2 potions of ambrosia
 r - 4 potions of curing
 z - a potion of berserk rage
 D - 2 potions of lignification
 E - 2 potions of cancellation
Books
 y - a book of Geomancy

   Spells                             Type                      Level
   a - Sandblast                      Earth                        1
   b - Passwall                       Transmutation/Earth          2
   c - Stone Arrow                    Conjuration/Earth            3
   d - Petrify                        Transmutation/Earth          4
   e - Lee's Rapid Deconstruction     Earth                        5
 F - a book of Callings

   Spells                             Type                      Level
   a - Summon Small Mammal            Summoning                    1
   b - Call Imp                       Summoning                    2
   c - Call Canine Familiar           Summoning                    3
   d - Summon Guardian Golem          Hexes/Summoning              3
   e - Summon Lightning Spire         Summoning/Air                4
   f - Summon Ice Beast               Ice/Summoning                4
Comestibles
 f - 9 bread rations
 i - 7 meat rations
 I - 4 chunks of flesh


   Skills:
 + Level 9.6 Fighting
 * Level 12.4 Maces & Flails
 + Level 9.6 Armour
 + Level 9.6 Shields
 + Level 0.8 Invocations


You had 9 spell levels left.
You didn't know any spells.

Dungeon Overview and Level Annotations

Branches:
Dungeon (10/15)            Temple (0/1) D:5             Orc (0/2) D:10
   Lair: D:8-11

Altars:
Cheibriados
Fedhas
Hepliaklqana
Kikubaaqudgha
Nemelex Xobeh
Okawaru
Ru
Sif Muna
Trog
Uskayaw
Vehumet
Wu Jian
Yredelemnul
The Shining One
Beogh

Shops:
D:4 ?   D:8 (


Innate Abilities, Weirdness & Mutations

You reflexively headbutt those who attack you in melee.
You have a pair of horns on your head.


Message History

You hit the orc priest but do no damage.
You block the orc's attack.
You hit the orc priest.
The orc priest is heavily wounded.
You block the orc priest's attack.
The orc warrior hits you but does no damage.
You barely miss the orc priest. You headbutt the orc priest!
You kill the orc priest!
Okawaru accepts your kill. You block the orc's attack.
A basilisk comes into view.
You feel sick.
You are no longer poisoned.
You block the orc's attack.
Things that are here:
a club; a chain mail; an orc corpse Unknown command.
You fail to use your ability.
The orc warrior hits you with a battleaxe!!
You die...

#........###'######
#.###.####........#
####.....## #........#
..........# #........#
l.#....>..###.....)..#
#...........#......#.#
...#8.).8#.#...#..#.#
###o###.#......#.##
#.@o†.#.'......#...
#.....#.#......#...
#.._..#.#......#...
#.....#.#..........
#.....#.+.....####+
#########..#..#
#.....# #.....#


You could see an orc warrior and an orc.

Vanquished Creatures
  A two-headed ogre (D:8)
  The ghost of Lazav66 the Cleaver, a novice DDFi of Elyvilon (D:9)
  Pikel (D:7)
  Maurice (D:8)
  The ghost of anet the Magician, a novice DEWz of Ashenzari (D:6)
  Grinder (D:6)
  A hornet (D:9)
  A hippogriff (D:9)
  Sigmund (D:2)
  A hungry ghost (D:7)
  A water moccasin (D:8)
  A black bear (D:9)
  2 ice beasts (D:9)
  A phantom (D:4)
  A sky beast (D:5)
  5 orc warriors
  A slave (D:7)
  7 ogres
  A centaur (D:5)
  A necrophage (D:8)
  A crocodile (D:8)
  2 elf zombies (Ossuary)
  A big kobold (D:7)
  5 bullfrogs
  2 scorpions
  4 howler monkeys
  A bullfrog zombie (D:5)
  4 crimson imps
  A jelly (D:10)
  4 bullfrog skeletons
  3 orc priests
  An orc wizard (D:6)
  3 hounds
  2 centaur skeletons (D:4)
  3 iguanas
  Terence (D:2)
  6 worker ants
  A hound zombie (Ossuary)
  4 mummies (Ossuary)
  2 howler monkey skeletons
  10 adders
  2 shadow imps
  An ooze (D:3)
  An adder skeleton (D:6)
  An adder zombie (D:6)
  A worm (D:3)
  3 dart slugs
  4 leopard geckos
  25 orcs
  10 bats
  4 giant cockroaches
  7 goblins
  6 hobgoblins
  10 jackals
  8 quokkas
  A ball python (D:4)
  3 frilled lizards
  A goblin zombie (Ossuary)
  A hobgoblin zombie (Ossuary)
  3 jackal zombies (Ossuary)
  9 kobolds
  A kobold zombie (Ossuary)
  2 orc zombies (Ossuary)
  A quokka skeleton (D:9)
  A quokka zombie (D:8)
  8 rats
  A rat zombie (Ossuary)
  A spectral orc (D:5)
208 creatures vanquished.

Vanquished Creatures (others)
  An ooze (D:7)
1 creature vanquished.

Grand Total: 209 creatures vanquished

Notes
Turn   | Place    | Note
-------+----------+-------------------------------------------
     0 | D:1      | Lazav66 the Minotaur Fighter began the quest for the Orb.
     0 | D:1      | Reached XP level 1. HP: 19/19 MP: 0/0
   161 | D:1      | Reached XP level 2. HP: 27/27 MP: 1/1
   281 | D:1      | Reached skill level 3 in Maces & Flails
   505 | D:1      | Reached XP level 3. HP: 23/33 MP: 2/2
   933 | D:2      | Found a faded altar of an unknown god.
  1008 | D:2      | Noticed Terence
  1016 | D:2      | Killed Terence
  1016 | D:2      | Reached XP level 4. HP: 32/40 MP: 3/3
  1020 | D:2      | Reached skill level 4 in Maces & Flails
  1214 | D:2      | Found an iron altar of Okawaru.
  1227 | D:2      | Became a worshipper of Warmaster Okawaru
  1233 | D:2      | Noticed Sigmund
  1244 | D:2      | Killed Sigmund
  1244 | D:2      | Reached skill level 5 in Maces & Flails
  1244 | D:2      | Reached XP level 5. HP: 43/47 MP: 4/4
  1545 | D:3      | Reached XP level 6. HP: 53/55 MP: 5/5
  1581 | D:3      | Found a bloodstained altar of Trog.
  1779 | D:3      | Reached skill level 5 in Fighting
  1932 | D:4      | Reached skill level 5 in Armour
  1932 | D:4      | Reached skill level 5 in Shields
  1950 | D:4      | Reached * piety under Okawaru
  1971 | D:4      | Reached skill level 6 in Maces & Flails
  2082 | D:4      | Reached XP level 7. HP: 59/61 MP: 6/6
  2182 | D:4      | Found Arull's Magic Scroll Emporium.
  2192 | D:4      | Bought a scroll of enchant weapon for 90 gold pieces
  2192 | D:4      | Bought 3 scrolls of identify for 72 gold pieces
  2462 | D:5      | Entered Level 5 of the Dungeon
  2534 | D:5      | Found a basalt altar of Yredelemnul.
  2634 | D:5      | Reached ** piety under Okawaru
  2707 | D:5      | Reached skill level 7 in Maces & Flails
  2727 | D:5      | Found a blossoming altar of Fedhas.
  2749 | D:5      | Reached XP level 8. HP: 57/70 MP: 7/7
  2797 | D:5      | Found a staircase to the Ecumenical Temple.
  2948 | D:5      | Found a sand-covered staircase.
  3136 | Ossuary  | Entered an ossuary
  3172 | Ossuary  | Reached skill level 8 in Maces & Flails
  3723 | D:6      | Noticed Grinder
  3723 | D:6      | Noticed anet's ghost (novice DEWz)
  3727 | D:6      | Killed anet's ghost
  3727 | D:6      | Reached *** piety under Okawaru
  3735 | D:6      | Killed Grinder
  3746 | D:6      | Reached skill level 9 in Maces & Flails
  3767 | D:6      | Reached XP level 9. HP: 43/79 MP: 8/8
  4504 | D:7      | Reached **** piety under Okawaru
  5213 | D:7      | Reached skill level 10 in Maces & Flails
  5220 | D:7      | Noticed Pikel
  5230 | D:7      | Killed Pikel
  5486 | D:7      | Found a glowing golden altar of the Shining One.
  5486 | D:7      | Found a snail-covered altar of Cheibriados.
  5625 | D:8      | Found Cianah's Antique Weapon Shop.
  5809 | D:8      | Found a sparkling altar of Nemelex Xobeh.
  6141 | D:8      | Reached ***** piety under Okawaru
  6141 | D:8      | Reached skill level 11 in Maces & Flails
  6141 | D:8      | Reached XP level 10. HP: 84/90 MP: 9/9
  6190 | D:8      | Noticed Maurice
  6207 | D:8      | Killed Maurice
  6357 | D:8      | Found a hazy altar of Hepliaklqana.
  6464 | D:8      | Noticed a two-headed ogre
  6474 | D:8      | Killed a two-headed ogre
  6977 | D:9      | Found an ornate altar of the Wu Jian Council.
  6989 | D:9      | Received a gift from Okawaru
  7077 | D:9      | Found an ancient bone altar of Kikubaaqudgha.
  7077 | D:9      | Found a bloodstained altar of Trog.
  7077 | D:9      | Found a deep blue altar of Sif Muna.
  7096 | D:9      | Found a hide-covered altar of Uskayaw.
  7097 | D:9      | Noticed a hand axe
  7097 | D:9      | Noticed a dagger
  7134 | D:9      | Noticed Lazav66's ghost (novice DDFi)
  7160 | D:9      | Killed Lazav66's ghost
  7160 | D:9      | Reached skill level 12 in Maces & Flails
  7236 | D:9      | Got a smoking spear
  7237 | D:9      | Identified the cursed +1 spear of Benevolence {pierce, Int+5} (You found it on level 9 of the Dungeon)
  7470 | D:9      | Found a radiant altar of Vehumet.
  7680 | D:9      | Found a sacrificial altar of Ru.
  7810 | D:10     | Entered Level 10 of the Dungeon
  7836 | D:10     | Found a staircase to the Orcish Mines.
  7909 | D:10     | Found a roughly hewn altar of Beogh.
  7949 | D:10     | Slain by an orc warrior

Vault maps used:
D:1:      minmay_arrival_four_loops, serial_co_window_serial, co_window_paths_a,
          co_window_corner_a, co_window_of_opportunity_a, co_window_paths_a,
          co_window_paths_a, co_window_2corner, co_window_2corner,
          co_window_of_opportunity_c, co_window_cross_4, co_window_broadway_c,
          glass_columns_a, glass_columns_b, glass_columns_b, glass_columns_a,
          glass_columns_a
D:2:      chequers_ecumenical_altar_island, minmay_stone_trees_small,
          okawaru_metal_pillars_3, uniq_sigmund, uniq_terence
D:3:      first_bread, bloody_trog
D:4:      serial_shops, shop_scrolls
D:5:      yredelemnul_forgotten_temple_becter, fedhas_bush_and_centaur_altar,
          minmay_temple_entry_junction_2, chequers_ossuary_entry_cave
D:6:      uniq_grinder
D:7:      gammafunk_temple_overflow_elements, grunt_ogre_cave,
          roderic_roman_lattice, uniq_pikel
D:8:      marbit_many_paths, lemuel_coloured_pillars_altar, serial_shops,
          shop_statue, hangedman_minor_gate_pass, uniq_maurice
D:9:      nicolae_overflow_crystal_walls, dancing_weapons_uskayaw,
          grunt_temple_overflow_open, kennysheep_little_box
D:10:     david_lair_generic, minmay_orc_entry_temple_small
Ossuary:  ossuary_minmay_tomb_2a

Skill      XL: |  1  2  3  4  5  6  7  8  9 10 |
---------------+-------------------------------+-----
Maces & Flails | 3 5 6 7 9 11 12 | 12.4
Armour         | 4 5 6 7 8 9 |  9.6
Fighting       | 4 5 6 7 8 9 |  9.6
Shields        | 4 5 6 7 8 9 |  9.6
Invocations    | |  0.8

Action                   |  1- 3 |  4- 6 |  7- 9 | 10-12 || total
-------------------------+-------+-------+-------+-------++-------
Melee: Flail             |    78 |   128 |   377 |   167 ||   750
       Headbutt          |    11 |    17 |    94 |    47 ||   169
Invok: Heroism           |       |       |       |     1 ||     1
  Use: Scroll            |       |       |    11 |     5 ||    16
       Potion            |       |       |     1 |       ||     1
  Eat: Chunk             |       |     4 |     9 |     6 ||    19
       Royal jelly       |       |       |     1 |       ||     1
       Fruit             |       |       |     2 |       ||     2
       Bread ration      |       |       |     1 |       ||     1
Armor: Scale mail        |    34 |    64 |   167 |    50 ||   315
Dodge: Dodged            |    16 |    48 |    94 |    37 ||   195
Block: Shield            |    37 |    65 |   238 |   108 ||   448

Table legend:
 A = Spawn XP
 B = Non-spawn XP
 C = Spawn XP percentage of total XP
 D = Spawn monster count
 E = Non-spawn monster count
 F = Spawn count percentage of total count
 G = Total turns spent on level
                    A         B        C        D         E        F      G
               +---------+---------+-------+---------+---------+-------+---------
         Total |       0 |    9851 |   0.0 |       0 |     207 |   0.0 |  7949
               +---------+---------+-------+---------+---------+-------+---------
           D:1 |       0 |      45 |   0.0 |       0 |      24 |   0.0 |   841
           D:2 |       0 |     293 |   0.0 |       0 |      17 |   0.0 |   576
           D:3 |       0 |     110 |   0.0 |       0 |      27 |   0.0 |   470
           D:4 |       0 |     478 |   0.0 |       0 |      13 |   0.0 |   575
           D:5 |       0 |     682 |   0.0 |       0 |      18 |   0.0 |   838
           D:6 |       0 |    1289 |   0.0 |       0 |      18 |   0.0 |   740
           D:7 |       0 |    1405 |   0.0 |       0 |      20 |   0.0 |  1142
           D:8 |       0 |    2629 |   0.0 |       0 |      31 |   0.0 |  1334
           D:9 |       0 |    2078 |   0.0 |       0 |      12 |   0.0 |   871
          D:10 |       0 |     543 |   0.0 |       0 |      11 |   0.0 |   139
       Ossuary |       0 |     299 |   0.0 |       0 |      16 |   0.0 |   423
               +---------+---------+-------+---------+---------+-------+---------
